 Dungeon Crawl Stone Soup version 0.31.0-4-g52a2dc7128 (webtiles) character file.

Game seed: 18254641401687109389

2006 James the Purveyor of Pain (level 9, -7/42 HPs)
             Began as a Vine Stalker Necromancer on Jan 22, 2024.
             Was an Initiate of Kikubaaqudgha.
             Shot with a sling bullet by Joseph (17 damage)
             ... on level 8 of the Dungeon.
             The game lasted 00:26:45 (6208 turns).

James the Purveyor of Pain (VSNe)                   Turns: 6208, Time: 00:26:45

Health: -7/42      AC:  5    Str: 10    XL:     9   Next: 22%
Magic:  0/29       EV: 12    Int: 19    God:    Kikubaaqudgha [......]
Gold:   347        SH:  0    Dex: 16    Spells: 13/21 levels left

rFire   . . .        a - +12 dagger of Riggeupt {heavy, Will+}
rCold   + . .        (no shield)
rNeg    . . .        d - +0 robe
rPois   .            (no helmet)
rElec   .            B - +1 cloak
rCorr   .            (no gloves)
SInv    .            s - +0 pair of boots
Will    ++...        (no amulet)
Stlth   +++          o - ring of protection from cold
HPRegen 1.07/turn    W - ring of magical power
MPRegen 0.21/turn

%: guardian spirit
@: no status effects
A: fangs 3, regeneration 1, magic shield, antimagic bite, no potion heal 2
a: Renounce Religion


You were on level 8 of the Dungeon.
You worshipped Kikubaaqudgha.
Kikubaaqudgha was noncommittal.
You visited 2 branches of the dungeon, and saw 9 of its levels.

You collected 347 gold pieces.

Inventory:

Hand Weapons
 a - the +12 dagger of Riggeupt (weapon) {heavy, Will+}
   (You found it on level 4 of the Dungeon)

   Will+:     It increases your willpower.
 b - a +1 short sword
   (You took it off a kobold on level 1 of the Dungeon)
 f - a +0 whip
   (You took it off a kobold on level 1 of the Dungeon)
 q - a +0 rapier
   (You found it on level 1 of the Dungeon)
 u - a +0 sling
   (You took it off a goblin on level 3 of the Dungeon)
 w - a +0 falchion
   (You found it on level 3 of the Dungeon)
 J - a +0 spear
   (You took it off a gnoll on level 1 of the Dungeon)
 Q - a +0 orcbow
   (You took it off a centaur on level 5 of the Dungeon)
 X - a +0 morningstar
   (You found it on level 6 of the Dungeon)
Missiles
 c - a boomerang
 g - 31 stones
 x - 4 silver javelins
Armour
 d - a +0 robe (worn)
 h - a +0 ring mail
   (You found it on level 1 of the Dungeon)
 i - a +0 ring mail
   (You found it on level 1 of the Dungeon)
 r - a +0 scale mail
   (You found it on level 3 of the Dungeon)
 s - a +0 pair of boots (worn)
   (You found it on level 1 of the Dungeon)
 v - a +0 plate armour
   (You found it on level 3 of the Dungeon)
 y - a +0 scale mail
   (You found it on level 3 of the Dungeon)
 B - a +1 cloak (worn)
   (You found it on level 4 of the Dungeon)
 E - a +0 leather armour
   (You found it on level 2 of the Dungeon)
 G - a +0 chain mail
   (You took it off an orc on level 4 of the Dungeon)
 H - a +0 robe
   (You took it off an orc wizard on level 4 of the Dungeon)
 I - a +0 chain mail
   (You took it off Ijyb on level 5 of the Dungeon)
 K - a +0 leather armour
   (You took it off an orc on level 5 of the Dungeon)
 L - a +0 scale mail
   (You took it off an orc on level 5 of the Dungeon)
 N - a +0 ring mail
   (You took it off an orc on level 5 of the Dungeon)
 P - the +5 ring mail of Noughts and Crosses {Will- Str+5}
   (You found it on level 5 of the Dungeon)

   Str+5:     It affects your strength (+5).
   Will-:     It decreases your willpower.
 R - a scarf of harm
   (You found it on level 6 of the Dungeon)
 S - a +0 leather armour
   (You took it off an orc on level 5 of the Dungeon)
 T - a +0 robe
   (You took it off an orc wizard on level 5 of the Dungeon)
 U - a +0 scale mail
   (You took it off a gnoll sergeant on level 5 of the Dungeon)
 V - a +2 kite shield
   (You took it off a gnoll sergeant on level 5 of the Dungeon)
 Y - a +0 ring mail
   (You found it on level 6 of the Dungeon)
Magical Staves
 A - a staff of alchemy
   (You found it on level 3 of the Dungeon)
 M - a staff of cold
   (You found it on level 6 of the Dungeon)
Jewellery
 o - a ring of protection from cold (left hand)
   (You found it on level 2 of the Dungeon)
 z - a ring of see invisible
   (You took it off a goblin on level 4 of the Dungeon)
 W - a ring of magical power (right hand)
   (You found it on level 6 of the Dungeon)
Talismans
 j - a serpent talisman
   (You found it on level 4 of the Dungeon)
 C - a beast talisman
   (You found it on level 4 of the Dungeon)
Wands
 F - a wand of charming (9)
   (You took it off Ijyb on level 5 of the Dungeon)
Scrolls
 l - 7 scrolls of identify {@r1}
 t - a scroll of brand weapon
 O - 3 scrolls of teleportation {@r4}
Potions
 e - a potion of enlightenment
 k - 2 potions of magic
 m - 3 potions of curing {@q1}
 n - 2 potions of lignification {!q}
 p - a potion of haste {@q3}
 D - a potion of ambrosia


   Skills:
 - Level 2.0 Fighting
 * Level 6.2 Short Blades
 - Level 2.0 Dodging
 + Level 4.1 Stealth
 + Level 6.9 Spellcasting
 + Level 6.9 Necromancy


You had 13 spell levels left.
You knew the following spells:

 Your Spells              Type           Power      Damage    Failure   Level
a - Necrotise             Necr           100%       1d9       1%          1
q - Vampiric Draining     Necr           32%        2d8       1%          3
u - Animate Dead          Necr           32%        N/A       6%          4

Your spell library contained the following spells:

 Spells                   Type           Power      Damage    Failure   Level
 Sublimation of Blood     Necr           32%        N/A       1%          2
 Call Imp                 Summ           12%        N/A       16%         2
 Curse of Agony           Necr           32%        N/A       17%         5
 Summon Hydra             Summ           3%         N/A       100%        7


Dungeon Overview and Level Annotations

Branches:
Dungeon (8/15)             Temple (1/1) D:7
   Lair: D:8-11

Altars:
Ashenzari
Cheibriados
Elyvilon
Fedhas
Gozag
Hepliaklqana
Kikubaaqudgha
Makhleb
Nemelex Xobeh
Okawaru
Qazlal
Sif Muna
Trog
Uskayaw
Wu Jian
Xom
Yredelemnul
Zin
The Shining One

Annotations:
D:2 1 exclusion
D:8 Joseph, Maurice


Innate Abilities, Weirdness & Mutations

You have razor-sharp teeth.
Your natural rate of healing is unusually fast.
When hurt, damage is shared between your health and your magic reserves.
Your bite disrupts and absorbs the magic of your enemies.
Potions cannot restore your health.


Message History

The steam dragon breathes steam at you. The ball of steam hits you!
You hear an angry buzzing noise. x2; You hear a shout!
A vampire mosquito comes into view.
The steam dragon bites you but does no damage.
The steam dragon claws you but does no damage.
Joseph, a Mercenary comes into view.
He is wielding a +0 quarterstaff and carrying a wand of iceblast.
You barely miss the steam dragon. Your bite misses the steam dragon.
The steam dragon barely misses you. The steam dragon claws you.
Press: ? - help, Shift-Dir - straight line, f - steam dragon
Aim: a steam dragon (heavily wounded, catching its breath)
You draw life force from the steam dragon!
You feel life coursing into your body. The steam dragon closely misses you.
The steam dragon claws you.
Joseph unwields a +0 quarterstaff.
Joseph wields a +0 sling.
Joseph shoots a sling bullet.
The sling bullet barely misses you.
Press: ? - help, Shift-Dir - straight line, f/p - steam dragon
Aim: a steam dragon (severely wounded)
You draw life force from the steam dragon.
You feel life coursing into your body.
You are engulfed in a cloud of scalding steam.
A vampire mosquito comes into view.
The steam dragon bites you. The steam dragon barely misses you.
Press: ? - help, Shift-Dir - straight line, f/p - steam dragon
Aim: a steam dragon (almost dead)
You draw life force from the steam dragon.
You kill the steam dragon!
Kikubaaqudgha accepts your kill.
The steam dragon scales are intact enough to wear.
You feel life coursing into your body.
The vampire mosquito buzzes angrily.
The vampire mosquito bites you.
The vampire mosquito draws strength from your injuries!
Joseph shoots a sling bullet.
The sling bullet hits you! The vampire mosquito bites you!
* * * LOW HITPOINT WARNING * * *
The vampire mosquito draws strength from your injuries!
A vampire mosquito comes into view.
The vampire mosquito bites you!
* * * LOW HITPOINT WARNING * * *
The vampire mosquito draws strength from your injuries!
The vampire mosquito bites you.
* * * LOW HITPOINT WARNING * * *
The vampire mosquito draws strength from your injuries!
Blink to where?
Press: ? - help, Dir - move target
As you read the scroll of blinking, it crumbles to dust.
Joseph shoots a sling bullet.
The sling bullet hits you!!
You die...
Kikubaaqudgha rasps: "You have failed me!
Welcome... death!"

.........####
........y..
..........####
#......@....####
#........##...[.
.............#
#..[......###
#.#.#§yy....#
#......####@#
.######## #.#
.......<####.#
#............#
#.........####
#.........#
.........##
..........
......#.##


You could see Joseph and 2 vampire mosquitoes.

Vanquished Creatures
  A steam dragon (D:8)
  Menkaure (D:5)
  Duvessa (D:5)
  2 ice beasts
  2 sky beasts
  An ogre (D:6)
  A centaur (D:5)
  A bullfrog (D:6)
  3 scorpions
  A gnoll sergeant (D:5)
  Dowan (D:5)
  A howler monkey (D:5)
  2 bombardier beetles
  An orc priest (D:7)
  5 hounds
  A sleepcap (D:6)
  Ijyb (D:5)
  2 iguanas (D:5)
  3 orc wizards
  9 gnolls
  10 adders
  2 shadow imps
  A white imp (D:6)
  4 dart slugs
  A ribbon worm (D:2)
  19 orcs
  5 ball pythons
  7 endoplasms
  4 giant cockroaches
  8 goblins
  8 hobgoblins
  3 jackals (D:3)
  9 kobolds
  4 quokkas
  7 bats
  5 frilled lizards
  10 rats
147 creatures vanquished.

Notes
Turn   | Place    | Note
-------+----------+-------------------------------------------
     0 | D:1      | James the Vine Stalker Necromancer began the quest for the
                  | Orb.
     0 | D:1      | Reached XP level 1. HP: 9/9 MP: 4/4
    83 | D:1      | Reached skill level 1 in Fighting
   110 | D:1      | Reached XP level 2. HP: 14/14 MP: 6/6
   476 | D:1      | Reached XP level 3. HP: 18/18 MP: 8/8
   477 | D:1      | Found a faded altar of an unknown god.
  1025 | D:2      | Learned a level 3 spell: Vampiric Draining
  1037 | D:2      | Reached XP level 4. HP: 22/22 MP: 10/10
  1192 | D:2      | Noticed a black bear
  1551 | D:3      | Reached XP level 5. HP: 23/25 MP: 1/12
  2286 | D:4      | Found a hazy altar of Hepliaklqana.
  2428 | D:4      | Identified the +12 dagger of Riggeupt {heavy, Will+}
  2581 | D:4      | Reached XP level 6. HP: 29/30 MP: 13/13
  2747 | D:4      | Found a basalt altar of Yredelemnul.
  3140 | D:5      | Entered Level 5 of the Dungeon
  3256 | D:5      | Reached skill level 1 in Short Blades
  3256 | D:5      | Reached skill level 5 in Spellcasting
  3408 | D:5      | Reached skill level 5 in Necromancy
  3408 | D:5      | Reached XP level 7. HP: 35/35 MP: 15/15
  3413 | D:5      | Learned a level 4 spell: Animate Dead
  3494 | D:5      | Identified the +5 ring mail of Noughts and Crosses {Will-
                  | Str+5}
  3677 | D:5      | Found an opulent altar of Gozag.
  3677 | D:5      | Noticed Menkaure
  3698 | D:5      | Killed Menkaure
  3825 | D:5      | Gained mutation: You have razor-sharp teeth. [Vine Stalker
                  | growth]
  3825 | D:5      | Reached XP level 8. HP: 36/39 MP: 13/17
  4105 | D:5      | Noticed Dowan
  4267 | D:5      | Noticed Ijyb
  4561 | D:6      | Found a glowing silver altar of Zin.
  4925 | D:6      | Reached skill level 5 in Short Blades
  5197 | D:7      | Found a staircase to the Ecumenical Temple.
  5202 | Temple   | Entered the Ecumenical Temple
  5212 | Temple   | Became a worshipper of Kikubaaqudgha
  5267 | D:7      | Reached XP level 9. HP: 42/42 MP: 20/20
  5894 | D:5      | Killed Ijyb
  5977 | D:5      | Noticed Duvessa
  5995 | D:5      | Killed Duvessa
  6004 | D:5      | Killed Dowan
  6161 | D:8      | Noticed Maurice
  6202 | D:8      | Noticed Joseph
  6208 | D:8      | Shot with a sling bullet by Joseph

Illustrated notes

Levels and vault maps discovered:
D:1:      wheals_arrival_shading, layout_basic,
          dreamdust_ecumenical_altar_angels_and_demons
D:2:      layout_rooms, lightli_corner_chamber
D:3:      layout_rooms, st_stairs_11, kennysheep_generic_room_10
D:4:      layout_cave_pools, general_overflow_altar, lemuel_doored_altar
D:5:      layout_gridville, nicolae_overflow_crystal_walls, uniq_ijyb,
          uniq_menkaure, uniq_duvessa
D:6:      layout_rooms, mainiacjoe_overflow_alcove_4
D:7:      layout_loops_ring, minmay_temple_entry_ruins, nrook_mini_vaults,
          hangedman_abyss_or_decor_stagger
D:8:      layout_basic, vehumet_statue, overflow_temple_1_default, uniq_joseph,
          uniq_grum, uniq_gastronok, uniq_maurice
Temple:   eino_wide_crystal_templ

Skill      XL: |  1  2  3  4  5  6  7  8  9 |
---------------+----------------------------+-----
Fighting       | 1 2 |  2.0
Stealth        | 3 4 |  4.1
Spellcasting   | 3 4 5 6 |  6.9
Dodging        | 2 |  2.0
Short Blades   | 1 3 5 6 |  6.2
Necromancy     | 5 6 |  6.9

Action                     |  1- 3 |  4- 6 |  7- 9 || total
---------------------------+-------+-------+-------++-------
  Melee: Dagger            |    93 |    53 |   120 ||   266
         Bite              |    34 |    50 |    31 ||   115
         Short sword       |    37 |   154 |       ||   191
         Punch             |     1 |     1 |     2 ||     4
   Cast: Necrotise         |    16 |     2 |     5 ||    23
         Vampiric Draining |       |     4 |     7 ||    11
    Use: Scroll            |       |    11 |     5 ||    16
   Stab: Sleeping          |     6 |     3 |     6 ||    15
 Armour: Robe              |    90 |   152 |   115 ||   357
  Dodge: Dodged            |   103 |   154 |    77 ||   334
